[Event "Late-Titled-Tuesday-Blitz-May-14-2024"]
[Site "Chess.com"]
[Date "2024.05.14"]
[Round "4"]
[White "disciplinedbrat"]
[Black "BjarkeSahl"]
[Result "0-1"]
[WhiteElo "2448"]
[BlackElo "2122"]
[TimeControl "180+1"]
[EndTime "14:40:35 PDT"]
[Termination "BjarkeSahl won by resignation"]

1. a3 c6 2. b4 d5 3. Bb2 Nf6 4. g3 Nbd7 5. Bg2 e5 6. d3 Bd6 7.
Nd2 Qe7 8. e4 a5 9. exd5 cxd5 10.
b5 a4 11. Ne2 O-O 12. O-O Nb6 13. Re1 Be6 14. Nf3 Qc7 15. Nc3 Bg4 16. h3 Bh5 17. g4 Bg6 18. Na2 Rfe8 19. Qd2 Rac8 20. Rac1 d4 21. c4 Nfd7 22. Nb4 Nc5 23. Rcd1 Nb3 24. Qc2 Nd7 25. Nd5 Qd8 26. Nd2 Ndc5 27. Ne4 Bxe4 28. Bxe4 Nxe4 29. Rxe4 Qh4 30. Kg2 Nc5 31. Re2 f5 32.
gxf5 Rf8 33. Bc1 Rxf5 34. Rg1 Rcf8 35. Kf1 Qxh3+ 36. Ke1 Qxd3 37. Qxd3 Nxd3+ 38. Kd2 Nxc1 39. Rxc1 Rxf2 40. c5 Rxe2+ 41. Kxe2 Rc8 42. cxd6 Rd8 43. Rc8 Rxc8 44. Ne7+ Kf7 45. Nxc8 Ke6 46. Nb6 Kxd6 47. Nxa4 h5 48. Nb2 e4 49. a4 h4 50. Nc4+ Kc5 51. Nd2 e3 52. Ne4+ Kb6 53. Kd3 h3 54. Ng3 h2 55. Nh1 Ka5 56. Ng3 b6 57. Nh1 Kxa4 58.
Kxd4 e2 59. Kd3 e1=Q 60. Ng3 h1=Q 61. Ne2 Qxe2+ 62. Kxe2 g5 0-1

[Event "Late-Titled-Tuesday-Blitz-May-14-2024"]
[Site "Chess.com"]
[Date "2024.05.14"]
[Round "4"]
[White "Viktoker"]
[Black "BabageldiAnnaberdiyev"]
[Result "1-0"]
[WhiteElo "2394"]
[BlackElo "2564"]
[TimeControl "180+1"]
[EndTime "14:40:39 PDT"]
[Termination "Viktoker won on time"]

1. d4 Nf6 2. c4 g6 3. Nc3 Bg7 4.
e4 d6 5. Nf3 O-O 6. h3 e5 7. d5 a5 8. Be3 Na6 9. g4 Nd7 10. a3 h6 11. h4 b6 12. h5 g5 13. b4 Bb7 14. Rb1 Bf6 15. Be2 Kg7 16.
Nd2 Be7 17. Nf1 f6 18. Ng3 Kh7 19. Kf1 Rf7 20. Kg2 Bf8 21. Qc2 Bc8 22. Rhd1 Be7 23.
Nb5 Bf8 24. Nc3 Be7 25. Na2 Bf8 26. Nc1 Be7 27. Nd3 Bf8 28. f3 Be7 29. Bg1 Bf8 30.
Rdc1 Be7 31. Nf2 Bf8 32. Nd1 Be7 33. Ne3 Bf8 34. Nef5 Be7 35. Be3 Bf8 36. Qd2 Kg8 37. Qe1 Kh7 38. Qf2 Kg8 39. Rc2 Kh7 40. Qe1 Kg8 41.
Rbc1 axb4 42. axb4 Rb8 43. Qd2 Kh7 44. Ra1 Ndc5 45.
bxc5 dxc5 46. Rca2 Nb4 47. Ra7 Bd6 48. Qc1 Bb7 49. Bd2 Bf8 50. Ne3 Qd7 51. Ngf5 Qd8 52. Qb2 Qc8 53. Bxb4 cxb4 54. Nc2 c5 55. dxc6 Qxc6 56.
Nxb4 Qc5 57. Nd5 Kg8 58. Qd2 b5 59. R7a5 Bc6 60. cxb5 Bxd5 61. Qxd5 Qc2 62. Qd3 Qc5 63. Qc4 Qb6 64. Ra7 Rb7 65. Rxb7 Qxb7 66. Ra6 Kh7 67. Rc6 Qa7 68. b6 Qa3 69. Rc7 Rxc7 70. bxc7 1-0

[Event "Late-Titled-Tuesday-Blitz-May-14-2024"]
[Site "Chess.com"]
[Date "2024.05.14"]
[Round "4"]
[White "Leebit02"]
[Black "OK97"]
[Result "1/2-1/2"]
[WhiteElo "2592"]
[BlackElo "2883"]
[TimeControl "180+1"]
[EndTime "14:40:42 PDT"]
[Termination "Game drawn - insufficient material"]

1. d4 d5 2. c4 c5 3. dxc5 e6 4. cxd5 Bxc5 5. Nc3 Nf6 6. dxe6 Qxd1+ 7. Nxd1 Bxe6 8. e3 O-O 9. Nf3 Nc6 10. a3 Na5 11. b4 Nb3 12. Rb1 Bb6 13. Bd3 a5 14. O-O axb4 15. axb4 Nxc1 16. Rxc1 Rfc8 17. Nb2 h6 18.
Nc4 Bc7 19. Nd4 Bd7 20. Bf5 Kf8 21. Bxd7 Nxd7 22. Rfd1 Nf6 23. Nb5 Bd8 24. Nbd6 Rc7 25. Ne5 Rxc1 26. Rxc1 Be7 27. Nxb7 Bxb4 28. g3 Rb8 29.
Rc7 Be7 30. Nc6 Re8 31. Nxe7 Rxe7 32. Rxe7 Kxe7 33. Nc5 Kd6 34. Nd3 Ke6 35. Kg2 h5 36. h3 Kf5 37. Kf3 g5 38. Nc5 g4+ 39. hxg4+ hxg4+ 40. Ke2 Ke5 41. Kd3 Kd5 42. Nb3 Ne4 43. Ke2 Nc3+ 44. Ke1 Ke4 45. Nc5+ Kf3 46. Nd7 f5 47. Ne5+ Kg2 48. Ng6 Ne4 49. Nh4+ Kg1 50. Nxf5 Nxf2 51. Ke2 Kg2 52. Kd2 Kf3 53. Kc3 Ne4+ 54.
Kd4 Nxg3 55. Nh6 Ne2+ 56. Kd3 g3 57. Nf5 Nc1+ 58. Kd2 Nb3+ 59. Kc3 Nc5 60. Nxg3 Kxg3 61. Kd4 Ne6+ 62. Ke5 Nc5 63. Kd4 Ne6+ 64. Ke5 Ng5 65.
e4 Kf3 66. Kf5 Nxe4 1/2-1/2

[Event "Late-Titled-Tuesday-Blitz-May-14-2024"]
[Site "Chess.com"]
[Date "2024.05.14"]
[Round "4"]
[White "mostafa_sakha"]
[Black "Dolphin_2010"]
[Result "1-0"]
[WhiteElo "2379"]
[BlackElo "2627"]
[TimeControl "180+1"]
[EndTime "14:40:42 PDT"]
[Termination "mostafa_sakha won by checkmate"]

1. d4 d5 2. c4 c6 3. Nf3 Nf6 4.
Nc3 dxc4 5. e4 b5 6. Be2 b4 7.
Na4 Nxe4 8. Bxc4 e6 9. O-O Be7 10. Re1 Nf6 11. Bg5 O-O 12. Qe2 a5 13. Ne5 Ba6 14.
Bxa6 Rxa6 15. Rad1 h6 16. Bc1 Qc8 17. Rd3 Nbd7 18.
Rg3 Kh8 19. Nxd7 Nxd7 20. Qh5 Nf6 21. Qh3 e5 22. Qxc8 Rxc8 23. dxe5 Nd5 24. e6 f6 25. Rd3 Kh7 26. f4 f5 27. Be3 g5 28. fxg5 hxg5 29. Bc5 Bf6 30. e7 Re8 31. Re6 Nf4 32. Rd8 Rxd8 33.
Rxf6 Re8 34. Rf8 Raa8 35. Nb6 Rab8 36. Nd7 Rbc8 37. Nf6+ Kg6 38. Rxe8 Rxe8 39. Nxe8 Ne6 40. Nd6 Nc7 41. e8=Q+ Nxe8 42. Nxe8 Kf7 43. Nd6+ Ke6 44.
Nb7 Kd5 45. Be7 a4 46. Bxg5 Kc4 47. Bd2 b3 48. a3 Kd3 49. Bc3 Kc2 50. h4 Kd3 51. h5 f4 52. h6 Ke2 53. h7 f3 54.
gxf3 c5 55. h8=Q Kd3 56. Qh7+ Ke2 57. Qe4+ Kd1 58. Qd3+ Kc1 59. Qd2+ Kb1 60. f4 Ka2 61. f5 c4 62. f6 Kb1 63. f7 Ka2 64. f8=Q Ka1 65. Qff2 Ka2 66. Qde2 Ka1 67. Qe4 Ka2 68. Qfe2 Ka1 69. Qd1+ Ka2 70. Qdb1# 1-0

[Event "Late-Titled-Tuesday-Blitz-May-14-2024"]
[Site "Chess.com"]
[Date "2024.05.14"]
[Round "4"]
[White "albayo"]
[Black "Crazy_girl99"]
[Result "0-1"]
[WhiteElo "2401"]
[BlackElo "2636"]
[TimeControl "180+1"]
[EndTime "14:40:42 PDT"]
[Termination "Crazy_girl99 won by checkmate"]

1. Nf3 d5 2. g3 Nf6 3. Bg2 g6 4. c4 c6 5. O-O Bg7 6. d4 O-O 7. b3 b6 8. Bb2 Bb7 9. Nc3 Nbd7 10. Qc2 Rc8 11. Rfd1 e6 12. e4 dxe4 13. Nxe4 Nxe4 14.
Qxe4 Nf6 15. Qe2 Qc7 16. a4 a5 17. Rac1 Rcd8 18. Ba3 Rfe8 19. Qe5 Qc8 20. Qe2 c5 21. dxc5 bxc5 22. Ne5 Bxg2 23. Kxg2 Qb7+ 24. Qf3 Qc7 25. Rxd8 Rxd8 26. Nc6 Rd6 27. Ne5 Rd4 28. Nc6 Re4 29. Rd1 Qxc6 30. Rd8+ Bf8 31. Bxc5 Qxc5 32. Qxf6 Qc7 33.
h4 h5 34. c5 Rb4 35. Kh2 Rb8 36. Rd3 Qxc5 37. Rd7 Qf5 38. Rxf7 Qxf6 39. Rxf6 Rxb3 40. Rxg6+ Kf7 41. Rg5 Bb4 42. Rxh5 Ra3 43. Rg5 Rxa4 44. h5 Ra2 45. Kg2 Bc3 46. h6 Bd4 47. h7 Rxf2+ 48. Kh3 Rf1 49. Kh2 Ra1 50. Rg8 a4 51. g4 a3 52. g5 a2 53. g6+ Ke7 54. Ra8 Rh1+ 55.
Kxh1 a1=Q+ 56. Rxa1 Bxa1 57. Kg2 Bg7 58. Kf3 Kf6 59.
Kg4 Kxg6 60. Kf4 Kxh7 61. Ke4 Kg6 62. Kf4 Kf6 63. Ke3 Bh6+ 64. Ke4 e5 65. Kf3 Kf5 66.
Ke2 Ke4 67. Kf2 Kd3 68. Kg3 e4 69. Kg4 e3 70. Kh5 e2 71. Kg6 e1=Q 72. Kxh6 Qe5 73.
Kg6 Ke4 74. Kh7 Qg3 75. Kh6 Kf5 76. Kh7 Kf6 77. Kh8 Qg7# 0-1

[Event "Late-Titled-Tuesday-Blitz-May-14-2024"]
[Site "Chess.com"]
[Date "2024.05.14"]
[Round "4"]
[White "Oleg_Papayan"]
[Black "Hakiki_satranc"]
[Result "1-0"]
[WhiteElo "2630"]
[BlackElo "2424"]
[TimeControl "180+1"]
[EndTime "14:40:46 PDT"]
[Termination "Oleg_Papayan won by checkmate"]

1. e4 c5 2. d4 cxd4 3. Qxd4 Nc6 4. Qd3 Nf6 5. Nc3 e6 6. Bf4 Bb4 7. Ne2 d5 8. O-O-O O-O 9. exd5 exd5 10. Nxd5 Nxd5 11.
Qxd5 Be6 12. Qxd8 Rfxd8 13. a3 Rxd1+ 14. Kxd1 Rd8+ 15. Kc1 Bc5 16. f3 f6 17. Nc3 g5 18.
Bd2 a6 19. Bd3 h6 20. Re1 Bf7 21.
Ne4 Be7 22. Bc3 Ne5 23. Nxf6+ Bxf6 24. Bxe5 Re8 25. Bg3 Rc8 26. Kb1 b5 27. Be5 Re8 28. Bg3 Rc8 29. Be4 a5 30. Rd1 b4 31. axb4 axb4 32. Bd5 Bxd5 33. Rxd5 b3 34. cxb3 Kf7 35. Rd7+ Ke6 36. Rh7 Kf5 37. Rxh6 Re8 38. f4 Re2 39. fxg5 Rxb2+ 40. Kc1 Bg7 41. Rb6 Rxg2 42. Rb5+ Ke4 43. b4 Kd3 44. Be5 Rg1+ 45. Kb2 Bf8 46. Bf6 Rg2+ 47.
Kb3 Rxh2 48. Rb8 Bd6 49. Rd8 Ke4 50. Rxd6 Rh3+ 51. Kc4 Kf5 52. b5 Rh4+ 53. Kc5 Rh1 54. Kc6 Rc1+ 55. Kb7 Kg6 56. b6 Kf7 57. Rc6 Rb1 58.
Kc7 Ke8 59. b7 Kf7 60. b8=Q Rd1 61. g6+ Kxg6 62. Bc3+ Kf5 63. Qf8+ Ke4 64. Qe7+ Kd3 65. Rd6+ Kc2 66. Rxd1 Kb3 67. Qb4+ Kc2 68. Qb2+ Kxd1 69. Qd2# 1-0

[Event "Late-Titled-Tuesday-Blitz-May-14-2024"]
[Site "Chess.com"]
[Date "2024.05.14"]
[Round "4"]
[White "mitrabhaa"]
[Black "lucasmito"]
[Result "0-1"]
[WhiteElo "2908"]
[BlackElo "2737"]
[TimeControl "180+1"]
[EndTime "14:40:49 PDT"]
[Termination "lucasmito won by resignation"]

1. Nf3 d5 2. c4 d4 3. b4 f6 4. d3 e5 5. Qb3 c5 6. bxc5 Nd7 7. Ba3 Nxc5 8. Bxc5 Qa5+ 9. Nbd2 Bxc5 10. g3 Ne7 11. Bg2 Bd7 12. Qxb7 Bc6 13. Qb2 Ba3 14. Qb1 O-O 15. O-O Rab8 16. Nb3 Qc3 17. Qe1 Rfc8 18. Nfd2 Bxg2 19. Kxg2 f5 20. Nf3 Nc6 21. Qd2 e4 22.
dxe4 fxe4 23. Qxc3 dxc3 24. Ng5 e3 25. Ne4 c2 26.
fxe3 Ne5 27. c5 Nc4 28. Rfc1 Bxc1 29. Rxc1 a5 30. Nd4 Rb1 31. Rxc2 Nxe3+ 32. Kf3 Nxc2 33.
Nxc2 Rb2 34. Nd4 Rxa2 35. Nf5 Kf8 36. Nd4 Ra4 37. Nb5 Rb4 38. Nbd6 Rc6 39. Nf5 Rxe4 40.
Kxe4 Rxc5 41. Ne3 a4 42. Kd4 Rc8 43. Nc4 Rb8 44. Kc3 Rb3+ 45. Kc2 Ke7 46. Nb2 Re3 47. Kd2 a3 48. Nd1 a2 49. Nxe3 a1=Q 50. Nc2 Qa5+ 51.
Ke3 Qg5+ 52. Kf2 Qh5 53. Ne3 Qxh2+ 54. Ng2 Kf6 55. Kf3 Kg5 56. Ne3 Qh5+ 57. Kf2 Qf7+ 58.
Kg2 h5 59. Nf1 g6 60. Nh2 Qb7+ 61. Nf3+ Kg4 62. Kf2 Qb6+ 63. Kg2 Kf5 64. Nh4+ Ke4 65. Nf3 Ke3 66. Ng1 Qf6 67. Nh3 Kxe2 68. Nf4+ Ke3 69.
Nh3 Qf3+ 70. Kh2 Qe2+ 71. Kh1 Qd1+ 72. Kh2 Qc2+ 73. Kh1 Kf3 0-1

[Event "Late-Titled-Tuesday-Blitz-May-14-2024"]
[Site "Chess.com"]
[Date "2024.05.14"]
[Round "4"]
[White "EsmeraldasAnderson03"]
[Black "BardArtem"]
[Result "1/2-1/2"]
[WhiteElo "2520"]
[BlackElo "2743"]
[TimeControl "180+1"]
[EndTime "14:40:52 PDT"]
[Termination "Game drawn by stalemate"]

1. d4 d5 2. c4 e6 3. cxd5 exd5 4. Nc3 c6 5. Qc2 Bd6 6. Nf3 h6 7. Bd2 Nf6 8. Rc1 O-O 9. e3 Re8 10. Be2 Bg4 11. O-O Nbd7 12. h3 Bh5 13. a3 Qe7 14. b4 a6 15. Na4 Ne4 16. Nc5 Rab8 17. Nxd7 Qxd7 18. Ne5 Bxe5 19. Bxh5 Bc7 20. Bg4 Qd6 21.
f4 Re7 22. Be1 Rbe8 23. Bf5 Qf6 24. Bxe4 Rxe4 25. Bf2 g5 26. fxg5 hxg5 27. Bg3 Qe7 28. Bxc7 Qxc7 29. Rf5 Qe7 30. Rcf1 Rxe3 31. Rxf7 Qxf7 32.
Rxf7 Kxf7 33. Qh7+ Ke6 34. Qxb7 Rc3 35. Qxa6 Kd6 36. b5 Rc1+ 37. Kf2 Rc2+ 38. Kf3 g4+ 39. hxg4 Rc3+ 40. Kf2 Rc2+ 41. Kg3 Rc3+ 42. Kh2 Rh8+ 43. Kg1 Rc1+ 44. Kf2 Rc2+ 45. Ke3 Re8+ 46. Kd3 Ree2 47. Qa5 Rxg2 48. Qd8+ Ke6 49. Qc8+ Kd6 50. Qd8+ Ke6 51. Qe8+ Kd6 52. Qe5+ Kd7 53. bxc6+ Kxc6 54. Qe6+ Kc7 55.
Qxd5 Rcd2+ 56. Ke4 Rxg4+ 57. Kf5 Rgxd4 58. Qc5+ Kb7 59. Qb5+ Kc7 60. Qc5+ Kd7 61. Qa7+ Kc6 62. Qa6+ Kd5 63.
Qb5+ Kd6 64. Qb6+ Ke7 65. Qb7+ Rd7 66. Qb4+ Ke8 67. a4 R2d5+ 68. Ke6 R5d6+ 69. Ke5 Rd5+ 70. Ke6 R5d6+ 71. Qxd6 Rxd6+ 72. Kxd6 Kd8 73. Kc6 Kc8 74. Kb6 Kb8 75. Ka6 Ka8 76. Kb6 Kb8 77. a5 Ka8 78. a6 Kb8 79. a7+ Ka8 80. Ka6 1/2-1/2

[Event "Late-Titled-Tuesday-Blitz-May-14-2024"]
[Site "Chess.com"]
[Date "2024.05.14"]
[Round "4"]
[White "Artem_Koval"]
[Black "IlyaGrigorjev"]
[Result "0-1"]
[WhiteElo "2587"]
[BlackElo "2868"]
[TimeControl "180+1"]
[EndTime "14:41:04 PDT"]
[Termination "IlyaGrigorjev won on time"]

1. d4 Nf6 2. Nf3 g6 3. Nc3 d5 4. Bf4 Bg7 5. e3 O-O 6. Be2 c5 7. O-O cxd4 8. exd4 Nc6 9. Ne5 Bf5 10. Bf3 Rc8 11. Re1 Qb6 12. Nxc6 bxc6 13. Na4 Qa5 14. c3 Rfe8 15. b4 Qd8 16. Nc5 Nd7 17. h4 e5 18.
Nxd7 exf4 19. Rxe8+ Qxe8 20. Nc5 Qe7 21. Bg4 Qxh4 22.
Bxf5 gxf5 23. Qe2 Kh8 24. Re1 Rg8 25. Qf3 Bf6 26. Nd3 Qg4 27. Qxg4 fxg4 28. Nxf4 Bg5 29. g3 Bxf4 30. gxf4 a5 31. bxa5 Ra8 32. a4 Rxa5 33. Ra1 h5 34. Kg2 h4 35. f3 f5 36. fxg4 fxg4 37.
Rh1 Rxa4 38. Rxh4+ Kg7 39. Rxg4+ Kf6 40. Rg3 Kf5 41.
Rf3 Ra2+ 42. Kg3 Ra1 43. Rf2 Rg1+ 44. Kh2 Rg4 45. Ra2 Kxf4 46. Re2 Rg6 47. Re8 Kf3 48.
Re7 Kf2 49. Kh3 Rg3+ 50. Kh4 Rxc3 51. Kg5 Rc4 52. Re6 Rxd4 53. Rxc6 Ke3 54. Kf5 Re4 55.
Rc3+ Kd4 56. Rc1 Re5+ 57. Kf4 Re8 58. Rd1+ Kc4 59. Rc1+ Kb5 60. Rd1 Kc5 61. Rc1+ Kd6 62. Rd1 Re4+ 63. Kf5 Re2 64. Kf4 Kc5 65. Rc1+ Kd4 66.
Rd1+ Kc4 67. Rc1+ Kd3 68. Ra1 d4 69. Ra3+ Kd2 70. Kf3 Re3+ 0-1

[Event "Late-Titled-Tuesday-Blitz-May-14-2024"]
[Site "Chess.com"]
[Date "2024.05.14"]
[Round "4"]
[White "PhileKhoob"]
[Black "zsizsi99"]
[Result "0-1"]
[WhiteElo "2340"]
[BlackElo "2527"]
[TimeControl "180+1"]
[EndTime "14:41:05 PDT"]
[Termination "zsizsi99 won by resignation"]

1. Nf3 Nf6 2. g3 e6 3. Bg2 a6 4. d4 b5 5. O-O Bb7 6. a4 b4 7. c4 bxc3 8. Nxc3 Nc6 9. b3 Nb4 10.
Ba3 Be7 11. Qb1 O-O 12. e4 Rb8 13. Ne1 c5 14. d5 exd5 15. e5 Ng4 16. Qf5 Nh6 17. Qh5 d4 18. Ne4 Kh8 19. g4 Ng8 20. f4 Bd5 21. Rf3 Bxe4 22. Rg3 d3 23. Bxe4 g6 24.
Qh3 d2 25. Nf3 d5 26. exd6 Qxd6 27. Rd1 Qxf4 28. Bb1 Rbd8 29. g5 Qxf3 30. Rxf3 Bxg5 31. Bb2+ f6 32. Bxg6 h6 33. Rg3 Rd5 34. Rg2 c4 35. bxc4 Rc5 36. Qa3 a5 37. Qc3 Kg7 38.
Bb1 Rfc8 39. h4 Rxc4 40. Qh3 Ne7 41. hxg5 hxg5 42. Rxg5+ Kf8 43. Qh8+ Kf7 44. Qh5+ Ke6 45. Qh3+ Kf7 46. Rg7+ Kxg7 47. Qg3+ Kf7 48. Rxd2 Rg8 49. Rg2 Rxg3 50. Rxg3 Ned5 51. Rb3 Nb6 52. Kf2 Nxa4 53. Ba3 Nc5 54. Rb2 Rc3 55. Bxb4 axb4 56. Ke2 b3 57.
Kd2 Rh3 58. Bf5 Rf3 59. Bg4 Rg3 60. Be2 f5 61. Ke1 Kf6 62. Kf2 f4 63. Rd2 Ne4+ 64. Ke1 Nxd2 65. Kxd2 Rg2 66. Kc3 Rxe2 67. Kxb3 f3 68. Kc3 f2 69. Kd3 f1=Q 0-1

[Event "Late-Titled-Tuesday-Blitz-May-14-2024"]
[Site "Chess.com"]
[Date "2024.05.14"]
[Round "4"]
[White "nitpicker"]
[Black "wild3000"]
[Result "1-0"]
[WhiteElo "2304"]
[BlackElo "2487"]
[TimeControl "180+1"]
[EndTime "14:41:07 PDT"]
[Termination "nitpicker won by checkmate"]

1. d4 Nf6 2. c4 e6 3. g3 Bb4+ 4. Bd2 Bxd2+ 5. Qxd2 Ne4 6. Qc2 d5 7.
Bg2 Nf6 8. Nf3 O-O 9. O-O b6 10.
cxd5 Nxd5 11. Rd1 Bb7 12. Nc3 Nd7 13. Rac1 N7f6 14. Ne5 Nb4 15. Qb3 Bxg2 16. Kxg2 a5 17. a3 Nbd5 18. Nc6 Qd7 19. Nxd5 exd5 20. Qc2 Qd6 21.
Ne5 c5 22. e3 Rac8 23. Nd3 c4 24. Nf4 b5 25. Qf5 g6 26. Qe5 Rfd8 27. f3 b4 28. axb4 axb4 29. Ra1 c3 30. bxc3 bxc3 31. Qxd6 Rxd6 32. Rdc1 Rb6 33. Ra2 Kg7 34. Nd3 Nd7 35.
Ra3 Rb2+ 36. Nxb2 cxb2 37. Rb1 Rc2+ 38. Kh3 Nb6 39. Rb3 Nc4 40. Rb5 h5 41. e4 dxe4 42. fxe4 Kh6 43. d5 g5 44. g4 h4 45. Rb4 Kg7 46.
Rxc4 Rxc4 47. Rxb2 Rxe4 48. Rd2 Kf8 49. d6 Ke8 50. Rd5 f6 51. Rd3 Kd7 52. Rf3 Re6 53. Rd3 Rxd6 54. Rf3 Ke7 55. Kg2 Rd4 56. h3 Rd2+ 57. Kf1 Ke6 58. Ke1 Rh2 59. Re3+ Kd5 60. Rf3 Ke4 61. Rxf6 Rxh3 62. Rf5 Rg3 63. Rxg5 Kf4 64.
Rg8 h3 65. Rh8 Kf3 66. Kf1 Rg2 67. Rxh3+ Rg3 68. Rxg3+ Kxg3 69. g5 Kf4 70. g6 Kg4 71. g7 Kf3 72. g8=Q Ke3 73. Qd5 Kf4 74. Kf2 Kg4 75.
Qe4+ Kh3 76. Qg2+ Kh4 77. Qg6 Kh3 78. Qg3# 1-0

[Event "Late-Titled-Tuesday-Blitz-May-14-2024"]
[Site "Chess.com"]
[Date "2024.05.14"]
[Round "4"]
[White "chessdjw"]
[Black "Durarbayli"]
[Result "0-1"]
[WhiteElo "2767"]
[BlackElo "2958"]
[TimeControl "180+1"]
[EndTime "14:41:19 PDT"]
[Termination "Durarbayli won by resignation"]

1. d4 Nf6 2. c4 e6 3. Nf3 b6 4. g3 Bb7 5. Bg2 Be7 6. O-O O-O 7.
Re1 Ne4 8. Nfd2 d5 9. cxd5 exd5 10. Nxe4 dxe4 11. Nc3 f5 12. Bf4 Nc6 13. Nb5 g5 14. Bxc7 Qd5 15. Nc3 Qxd4 16. Qb3+ Rf7 17. Rad1 Qb4 18. g4 Qxb3 19. axb3 Rc8 20. Nd5 Bc5 21. gxf5 Rxf5 22. Bg3 Rcf8 23. e3 Nb4 24. Nxb4 Bxb4 25. Re2 Bd5 26. Bh3 Bxb3 27. Bxf5 Bxd1 28. Be6+ Kg7 29.
Be5+ Kg6 30. Bd6 Rf6 31. Bxb4 Bxe2 32. Bd5 Bf3 33. Bc3 Rd6 34. Bb3 g4 35. Kf1 h5 36.
Ke1 h4 37. Be5 Rd8 38. Bd4 Rd7 39. Kd2 Rd8 40. Be6 Rd6 41. Bc8 b5 42. b4 a6 43.
Bb7 Kf7 44. Kc3 Rg6 45. Be5 Ke6 46. Bf4 Kd7 47. Bd5 Rf6 48. Kd4 Rg6 49. Ke5 a5 50.
bxa5 Ra6 51. Kf5 Rxa5 52. Be6+ Kc6 53. Kg5 b4+ 54. Kxh4 Rb5 55. Bb3 Rc5 56. Ba4+ Kd5 57. h3 gxh3 58. Kxh3 Rc3 59. Bg5 Ra3 60. Bb5 b3 61. Bf6 Ra5 62. Be8 Ra2 63. Bf7+ Kd6 64. Bxb3 Rxf2 65. Kg3 Rg2+ 66. Kf4 Rf2 67. Be5+ Ke7 68.
Kg3 Rf1 69. Bd4 Bh1 70. Bd5 Rb1 71. Bc4 Rc1 72. Bd5 Kd6 73. Bg8 Rf1 74. Bh7 Rg1+ 75.
Kf4 Rf1+ 76. Kg3 Bf3 77. Kf4 Kd5 78. Bg8+ Kd6 79. Bh7 Bd1+ 80. Kg3 Bc2 81. Kh4 Rh1+ 82. Kg5 Rxh7 83. Kf4 Rd7 84. Be5+ Kd5 85. Bd4 Bd3 86. Kf5 Rb7 87. Kf6 Rb3 88. Kf5 Kc4 89. Kf6 Rb1 90.
Ke5 Rf1 91. Ke6 Kb3 92. Ke5 Kc2 93. Kd5 Kd1 94. Kc5 Ke2 95. Kd5 Rf3 96. Kc5 Rxe3 97.
Bxe3 Kxe3 98. Kb4 Kd2 0-1

[Event "Late-Titled-Tuesday-Blitz-May-14-2024"]
[Site "Chess.com"]
[Date "2024.05.14"]
[Round "4"]
[White "dennisodessa"]
[Black "campochess"]
[Result "1/2-1/2"]
[WhiteElo "2453"]
[BlackElo "2114"]
[TimeControl "180+1"]
[EndTime "14:41:19 PDT"]
[Termination "Game drawn by stalemate"]

1. d4 Nf6 2. c4 g6 3. Nc3 d5 4. Bg5 Ne4 5. Nxe4 dxe4 6. Qd2 h6 7. Bh4 Bg7 8. e3 c5 9. d5 Nd7 10. Ne2 Nf6 11. Nc3 O-O 12. Bxf6 exf6 13. Nxe4 Qb6 14. Bd3 Bf5 15. Rb1 Rfe8 16. Nc3 Bxd3 17. Qxd3 f5 18. O-O Rad8 19. Rfc1 Qf6 20. Nb5 a6 21. Nc3 Qh4 22. b4 b6 23. bxc5 bxc5 24. Na4 Be5 25.
g3 Qe7 26. Rb6 Qc7 27. Qa3 f4 28. gxf4 Bd6 29. Qd3 Qe7 30. Kh1 Qh4 31. Rb2 Qh3 32. Qf1 Qf5 33. Nc3 Rb8 34. Rxb8 Rxb8 35. Rb1 Re8 36.
Rb6 Bf8 37. Qb1 Qg4 38. Qd1 Qh4 39. Qf3 Bg7 40. Ne4 Qe7 41. Nd6 Rd8 42. Nb7 Rb8 43. d6 Qf6 44. Rxa6 Qc3 45. d7 Qxc4 46. Kg2 Qxa6 47. d8=Q+ Rxd8 48. Nxd8 Qxa2 49. Qc6 Qc4 50.
Qe8+ Bf8 51. Qc6 Qd3 52. Nb7 c4 53. Nc5 Qd6 54. Qxd6 Bxd6 55. Ne4 Bb4 56. Kf1 f5 57. Ng3 c3 58. Ne2 c2 59. Nc1 Bd2 60. Nd3 c1=Q+ 61. Nxc1 Bxc1 62. Ke2 Kf7 63. f3 Ke6 64. Kd3 Kd5 65. h3 Ba3 66. e4+ fxe4+ 67. fxe4+ Kc5 68. Ke3 Bc1+ 69. Kf3 Kd4 70. f5 gxf5 71. exf5 Ke5 72. Kg4 Kf6 73. Kf3 Kxf5 74. h4 Kg6 75. h5+ Kxh5 76.
Kg2 Kg4 77. Kh1 Kh3 78. Kg1 h5 79. Kh1 h4 80. Kg1 Kg3 81. Kh1 h3 82. Kg1 h2+ 83. Kh1 Kh3 1/2-1/2

[Event "Late-Titled-Tuesday-Blitz-May-14-2024"]
[Site "Chess.com"]
[Date "2024.05.14"]
[Round "4"]
[White "SandwichOSaumon"]
[Black "joksijoksi"]
[Result "0-1"]
[WhiteElo "2325"]
[BlackElo "2517"]
[TimeControl "180+1"]
[EndTime "14:41:27 PDT"]
[Termination "joksijoksi won by checkmate"]

1. a3 d5 2. Nf3 Nf6 3. e3 g6 4. c4 c6 5. b4 Bg7 6. Bb2 O-O 7.
Qc2 Bf5 8. d3 Nbd7 9. Nbd2 a5 10. e4 dxe4 11. dxe4 Nxe4 12. Bxg7 Nxd2 13. Qxd2 Kxg7 14.
Rd1 axb4 15. axb4 Nf6 16. Qc3 Qb6 17. Be2 Ra2 18. Nd4 Be4 19. O-O e5 20. c5 Qc7 21.
Bc4 exd4 22. Rxd4 Rc2 23. Qb3 Bf5 24. g4 Rxc4 25. Qxc4 Be6 26. Qc3 Kg8 27. g5 Nd5 28.
Qe1 Ra8 29. Qe4 Bf5 30. Qe2 h6 31. gxh6 Kh7 32. Re1 Kxh6 33. Rh4+ Kg7 34. Qb2+ Nf6 35. Rd4 Rh8 36. Rd6 Be6 37. Qd4 Rh5 38. f4 Rd5 39.
Rxd5 Bxd5 40. Re5 Qd7 41. h3 Qxh3 42. Re3 Qg4+ 43. Kf2 Qg2+ 44. Ke1 Qg1+ 45. Kd2 Qf2+ 46. Kc3 Be6 47. Kd3 Qf1+ 48. Kd2 Qb1 49. Kc3 Qa1+ 50.
Kd3 Qxd4+ 51. Kxd4 Nd5 52. Rf3 Nxb4 53. Ke5 Nd5 54. Rf2 b6 55. cxb6 Nxb6 56. Kd6 Nd5 57.
Kxc6 Kf6 58. f5 gxf5 59. Kd6 f4 60. Rf1 Kf5 61. Kc5 Ne3 62. Rf2 Ke4 63. Rb2 f3 64. Kb4 Nd1 65. Rd2 Ne3 66. Kc3 Ng4 67. Rd4+ Kf5 68.
Kd2 f2 69. Ke2 Bc8 70. Ra4 Bb7 71. Ra5+ Kf4 72. Ra4+ Kg3 73. Kf1 Bg2+ 74. Ke2 f1=Q+ 75. Kd2 Qf2+ 76. Kc3 Qe3+ 77. Kb4 Qd4+ 78. Ka5 Qxa4+ 79. Kxa4 f5 80. Kb4 f4 81. Kc3 f3 82. Kd2 f2 83.
Kd3 f1=Q+ 84. Kd4 Qe2 85. Kc5 Qd3 86. Kb4 Qc2 87. Ka5 Qb3 88. Ka6 Bc6 89. Ka5 Qb5# 0-1

[Event "Late-Titled-Tuesday-Blitz-May-14-2024"]
[Site "Chess.com"]
[Date "2024.05.14"]
[Round "4"]
[White "Lady_Nika"]
[Black "jinxy2009"]
[Result "1/2-1/2"]
[WhiteElo "2499"]
[BlackElo "2309"]
[TimeControl "180+1"]
[EndTime "14:41:56 PDT"]
[Termination "Game drawn - insufficient material"]

1. d4 Nf6 2. e3 d5 3. f4 c5 4. Nf3 Nc6 5. c3 Bf5 6. Bd3 Bxd3 7. Qxd3 e6 8. O-O Be7 9. Ne5 Rc8 10. Nd2 O-O 11. Rf3 Nd7 12. Rh3 g6 13. Nxc6 Rxc6 14. Nf3 Bf6 15. Bd2 Bg7 16. Kh1 cxd4 17.
exd4 Rc8 18. Rg1 Nf6 19. Be1 Ne4 20. Nd2 Nxd2 21. Bxd2 Qd7 22. g4 b5 23. a3 a5 24.
Qg3 Qe7 25. g5 b4 26. axb4 axb4 27. Qh4 h5 28. gxh6 Qxh4 29. Rxh4 Bf6 30. Rh3 bxc3 31. Bxc3 Rc4 32. b3 Rc6 33. Bb4 Rb8 34. Bc5 Bd8 35.
b4 Bb6 36. b5 Rcc8 37. Bd6 Bc7 38. Be7 Kh7 39. Rb3 Bxf4 40. Rf1 g5 41. b6 Rb7 42. Bc5 Kxh6 43. h4 f5 44. hxg5+ Kxg5 45. Re1 Kf6 46. Rh3 e5 47. dxe5+ Bxe5 48. Bg1 Bf4 49. Bd4+ Kg5 50.
Rg1+ Bg3 51. Rgxg3+ Kf4 52. Rg1 Ke4 53. Bf2 d4 54.
Rd1 Rxb6 55. Rxd4+ Ke5 56. Rd5+ Kxd5 57. Bxb6 Rc1+ 58.
Kg2 Ke4 59. Re3+ Kf4 60. Rg3 Rc2+ 61. Bf2 Ke4 62. Re3+ Kf4 63. Re8 Kg4 64. Kf1 f4 65. Ra8 Rc3 66. Ke2 Rc2+ 67. Ke1 Rb2 68. Bd4 Rb1+ 69. Ke2 Rh1 70. Rg8+ Kf5 71. Kf3 Rh3+ 72. Kf2 Rb3 73. Bc5 Ke4 74. Bd6 Rb2+ 75. Ke1 Kf3 76. Rf8 Rb1+ 77. Kd2 Rb2+ 78. Kc3 Re2 79. Rxf4+ Kg2 80. Rg4+ Kf3 81. Rg3+ Ke4 82. Rg4+ Kf3 83. Rf4+ Kg2 84. Bc5 Re8 85. Rf7 Re2 86. Kd3 Re8 87. Rg7+ Kf3 88. Bd4 Re6 89. Rf7+ Kg4 90. Be3 Re8 91.
Ke2 Rd8 92. Rf6 Re8 93. Rf4+ Kg3 94. Rc4 Kg2 95. Rg4+ Kh3 96. Kf3 Rxe3+ 97. Kxe3 Kxg4 1/2-1/2